 Dungeon Crawl Stone Soup version 0.31-a0-806-g0bc164a743 (webtiles) character file.

Game seed: 278238658307077454

165 quakins the Ruffian (level 5, -9/69 HPs)
             Began as a Troll Shapeshifter on Sept 21, 2023.
             Mangled by Menkaure (17 damage)
             ... on level 4 of the Dungeon.
             The game lasted 00:02:00 (1476 turns).

quakins the Ruffian (Troll Shapeshifter)            Turns: 1476, Time: 00:02:01

Health: -9/69      AC: 22    Str: 24    XL:     5   Next: 22%
Magic:  4/4        EV:  1    Int:  6    God:
Gold:   199        SH:  0    Dex:  9    Spells: 4/4 levels left

rFire   . .          .
                       - Unarmed
rCold   . . .        (no shield)
rNeg    . . .        a - melded +0 animal skin
rPois   +            (helmet currently unavailable)
rElec   .            (cloak currently unavailable)
rCorr   .            (gloves unavailable)
SInv    .            (boots unavailable)
Will    .....        (no amulet)
Stlth   +            (no ring)
HPRegen 1.11/turn    (no ring)
MPRegen 0.09/turn

%: no passive effects
@: tree-form
A: stationary, stasis, torment immunity, boosted hp, large, unfitting armour,
(claws 3), regeneration 1, (shaggy fur 1), (tough skin 1)
a: no special abilities


You were on level 4 of the Dungeon.
You were a tree.
You visited 1 branch of the dungeon, and saw 3 of its levels.

You collected 199 gold pieces.

Inventory:

Armour
 a - a +0 animal skin (melded)
Jewellery
 g - a +4 ring of slaying
 j - a +6 ring of strength
 n - a +5 ring of evasion
Talismans
 c - a beast talisman
 d - a flux talisman
Scrolls
 e - 3 scrolls of teleportation {unknown}
 h - a scroll of revelation {unknown}
 i - a scroll of silence {unknown}
 m - a scroll of enchant weapon {unknown}
 o - a scroll of identify {unknown}
Potions
 f - a potion of enlightenment {unknown}
 k - 2 potions of ambrosia {unknown}
 l - a potion of mutation {unknown}
 p - 2 potions of haste {unknown}


   Skills:
 - Level 0.7 Fighting
 - Level 1.5 Dodging
 - Level 6.0 Unarmed Combat
 + Level 3.0 Shapeshifting


You had 4 spell levels left.
You didn't know any spells.
Your spell library was empty.

Dungeon Overview and Level Annotations

Branches:
Dungeon (2/15)

Altars:

Shops:
D:1 !

Annotations:
D:4 Menkaure


Innate Abilities, Weirdness & Mutations

You are a tree.
Your roots penetrate the ground, keeping you stationary.
You cannot be teleported.
You are immune to unholy pain and torment.
Your maximum health is greatly increased.
Your equipment is partially melded.
You are too large for most types of armour.
((You have claws for hands.))
Your natural rate of healing is unusually fast.
((You are covered in fur. (AC +1)))
((You have tough skin. (AC +1)))


Message History

You miss the adder.
The adder is moderately wounded.
The adder bites you but does no damage.
You mangle the adder!!
You kill the adder!
You have reached level 5!
An iguana comes into view.
An iguana is nearby!
An iguana is nearby!
An iguana is nearby!
Menkaure, Prince of Dust comes into view.
The iguana hisses angrily.
Menkaure casts a spell.
Menkaure seems to speed up.
The iguana bites you.
You barely miss the iguana.
Menkaure whispers a few words.
The iguana bites you!
You claw the iguana!
The iguana is heavily wounded.
Menkaure closely misses you. The iguana bites you!
You scratch the iguana.
The iguana is almost dead.
Menkaure hits you!!
* * * LOW HITPOINT WARNING * * *
You claw the iguana!
You kill the iguana!
Menkaure barely misses you.
Training target 6.0 for Unarmed Combat reached!
Your Unarmed Combat skill increases to level 6!
You need to enable at least one skill for training.
Your transformation has ended.
You turn into a tree.
Your +0 animal skin melds into your body.
Your roots penetrate the ground.
Menkaure hits you but does no damage. Menkaure barely misses you.
You hit Menkaure.
Menkaure is moderately damaged.
Menkaure hits you!
You die...

#.....# #.....# #.#
#.....# ..#
####.###.#####
#.........##
##...........
#..###.......
######.####.......
..........♣........
#####...###M.......
#.### #........ #.
#........ ..
#.####.## #. #.# #
#. #.# #.#


You could see Menkaure (fast).

Vanquished Creatures
  3 iguanas (D:4)
  4 adders
  A worm (D:2)
  6 orcs (D:4)
  2 bats
  2 endoplasms
  5 giant cockroaches
  4 goblins
  4 hobgoblins
  2 quokkas (D:1)
  3 ball pythons
  A frilled lizard (D:1)
  5 kobolds
  A rat (D:1)
43 creatures vanquished.

Notes
Turn   | Place    | Note
-------+----------+-------------------------------------------
     0 | D:1      | quakins the Troll Shapeshifter began the quest for the Orb.
     0 | D:1      | Reached XP level 1. HP: 18/18 MP: 0/0
   147 | D:1      | Found Gaomicug's Distillery.
   255 | D:1      | Reached XP level 2. HP: 25/26 MP: 1/1
   593 | D:1      | Reached skill level 4 in Unarmed Combat
  1036 | D:2      | Reached XP level 3. HP: 28/32 MP: 2/2
  1319 | D:2      | You fall into a shaft and drop 2 floors!
  1358 | D:4      | Reached skill level 5 in Unarmed Combat
  1358 | D:4      | Reached XP level 4. HP: 40/40 MP: 3/3
  1461 | D:4      | Reached XP level 5. HP: 46/46 MP: 4/4
  1465 | D:4      | Noticed Menkaure
  1475 | D:4      | Reached skill level 6 in Unarmed Combat
  1476 | D:4      | Mangled by Menkaure

Illustrated notes

Levels and vault maps discovered:
D:1:      roderic_chinese_lattice_arrival, layout_basic, serial_shops,
          nicolae_shop_back_alley_shop, minmay_misc_feat_alley
D:2:      layout_basic, hangedman_decor_clover_reticule
D:4:      layout_basic, mainiacjoe_overflow_small_starburst, uniq_menkaure,
          uniq_pikel

Skill      XL: |  1  2  3  4  5 |
---------------+----------------+-----
Unarmed Combat | 4 5 6 |  6.0
Fighting       | |  0.7
Dodging        | |  1.5
Shapeshifting  | |  3.0

Action                     |  1- 3 |  4- 6 || total
---------------------------+-------+-------++-------
  Melee: Unarmed           |    66 |    25 ||    91
         Punch             |     2 |       ||     2
    Use: Potion            |       |     1 ||     1
   Stab: Sleeping          |     1 |       ||     1
 Armour: Animal skin       |    38 |    15 ||    53
         Skin              |       |     2 ||     2
  Dodge: Dodged            |    28 |    10 ||    38

Table legend: (Time is in decaauts)
 A = Elapsed time spent in this place.
 B = Non-inter-level travel time spent in this place.
 C = Inter-level travel time spent in this place.
 D = Time resting spent in this place.
 E = Time spent auto-exploring this place.
 F = Levels seen in this place.
 G = Mean time per level.
                   A        B        C        D        E       F      G
               +--------+--------+--------+--------+--------+-----+--------+
         Total |   1467 |   1445 |     22 |      0 |   1168 |   3 |  489.0 |
       Dungeon |   1467 |   1445 |     22 |      0 |   1168 |   3 |  489.0 |
               +--------+--------+--------+--------+--------+-----+--------+

Top non-repeatable levels by time:
     D:1: 688 daAuts
     D:2: 626 daAuts
     D:4: 153 daAuts
